 Dungeon Crawl Stone Soup version 0.17.1-3-g152610e (webtiles) character file.

162 manyhoops the Chiller (level 5, 0/28 HPs)
             Began as a Deep Elf Ice Elementalist on Apr 14, 2016.
             Succumbed to an adder's poison
             ... on level 3 of the Dungeon on Apr 15, 2016.
             The game lasted 00:20:41 (2451 turns).

manyhoops the Chiller (Deep Elf Ice Elementalist)   Turns: 2451, Time: 00:20:41

Health: 0/28       AC:  6    Str:  5    XL:     5   Next: 19%
Magic:  2/14       EV: 13    Int: 21    God:
Gold:   141        SH:  0    Dex: 15    Spells: 3 memorised, 8 levels left

rFire  . . .     SeeInvis .     e - +0 dagger
rCold  . . .     Clarity  .     a - +0 robe
rNeg   . . .     SustAt   .     (no shield)
rPois  .         Gourm    .     (no helmet)
rElec  .         Spirit   .     l - +0 cloak
rCorr  .         Warding  .     s - +2 pair of gloves
rMut   .         Stasis   .     (no boots)
MR     .....                    (no amulet)
Stlth  ++........               (no ring)
                                (no ring)

@: lethally poisoned (0 -> -3), not resistant to hostile enchantments,
unstealthy
A: no striking features
a: no special abilities


You were on level 3 of the Dungeon.
You were near starving.

You visited 1 branch of the dungeon, and saw 3 of its levels.

You collected 141 gold pieces.

Inventory:

Hand Weapons
 e - a +0 dagger (weapon)
Missiles
 k - 2 throwing nets (quivered)
Armour
 a - a +0 robe (worn)
 l - a +0 cloak (worn)
 s - a +2 pair of gloves (worn)
Wands
 v - a wand of fire (2)
Scrolls
 f - a scroll of teleportation {unknown}
 i - 2 scrolls of random uselessness {unknown}
 m - a scroll of remove curse {unknown}
 n - a scroll of amnesia {unknown}
 o - a scroll of immolation {unknown}
 t - a scroll of noise {unknown}
 u - 2 scrolls of fear {unknown}
Potions
 d - a potion of brilliance
 h - a potion of flight
 p - a potion of cancellation
Books
 b - a book of Frost

   Spells                             Type                      Level
   a - Freeze                         Ice                          1
   b - Throw Frost                    Conjuration/Ice              2
   c - Ozocubu's Armour               Charms/Ice                   3
   d - Throw Icicle                   Conjuration/Ice              4
   e - Summon Ice Beast               Ice/Summoning                4
   f - Condensation Shield            Ice                          4
Comestibles
 c - 4 bread rations
 j - a meat ration
 r - a beef jerky


   Skills:
 - Level 2.4 Dodging
 + Level 2.8 Stealth
 - Level 5.0 Spellcasting
 * Level 2.0 Conjurations
 - Level 5.0 Ice Magic


You had 8 spell levels left.
You knew the following spells:

 Your Spells              Type           Power        Failure   Level  Hunger
a - Freeze                Ice            ####         1%          1    None
b - Throw Frost           Conj/Ice       ###...       4%          2    None
c - Ozocubu's Armour      Chrm/Ice       ###.....     14%         3    ##.....


Dungeon Overview and Level Annotations

Branches:
Dungeon (3/15)

Altars:
Ashenzari


Message History

Natasha is severely wounded.
You feel sick. Natasha claws you.
* * * LOW HITPOINT WARNING * * *
Casting: Freeze
Confirm with . or Enter, or press ? or * to list all spells.
Aiming: Freeze
Press: ? - help, Shift-Dir - straight line, f/p - Natasha
Aim: Natasha (severely wounded)
You freeze Natasha.
You kill Natasha!
Natasha growls in agony!
Your Conjurations skill increases to level 2!
The iron imp disappears in a puff of smoke!
The white imp disappears in a puff of smoke!
It was a potion of resistance.
You feel protected.
Your magical effects are unravelling.
You feel magically purged.
Your resistance to elements expires.
You die...

#..####..# ########
#..#.....# ##.
#..#.##.## #.#
#.......# #.# #.......#
####### #.#
##.#.##.####.....#####.
#.........##.....##....
#...(#..#.##..........#
#.....@.#.##.....##.#.#
#.#.##.##.##.....##.#..
#.#.##§##.#########.#..
#.........# #....
###.....†.# ###.#
#.##.#§...... #.#
#.##......##. #.#
#.####..#.# #.# #.#
..#... #.#


There were no monsters in sight!

Vanquished Creatures
  2 orc wizards (D:3)
  Natasha (D:3)
  A gnoll (D:1)
  3 adders
  A worm (D:2)
  A giant gecko (D:1)
  2 orcs (D:3)
  3 giant cockroaches
  6 goblins (D:1)
  6 hobgoblins
  2 kobolds
  A ball python (D:2)
  6 bats
  3 giant newts
  6 rats
44 creatures vanquished.

Notes
Turn   | Place    | Note
--------------------------------------------------------------
     0 | D:1      | manyhoops the Deep Elf Ice Elementalist began the quest for the Orb.
     0 | D:1      | Reached XP level 1. HP: 10/10 MP: 6/6
   186 | D:1      | Reached XP level 2. HP: 10/15 MP: 5/8
   220 | D:1      | Learned a level 2 spell: Throw Frost
   399 | D:1      | Found a shattered altar of Ashenzari.
   614 | D:1      | Reached skill level 4 in Ice Magic
   660 | D:1      | Reached XP level 3. HP: 12/19 MP: 6/10
   935 | D:2      | Learned a level 3 spell: Ozocubu's Armour
  1804 | D:3      | Reached XP level 4. HP: 13/24 MP: 1/12
  2093 | D:3      | Reached skill level 5 in Ice Magic
  2427 | D:3      | Reached skill level 5 in Spellcasting
  2434 | D:3      | Noticed Natasha
  2441 | D:3      | Reached XP level 5. HP: 17/28 MP: 5/14
  2448 | D:3      | HP: 1/28 [Natasha (6)]
  2449 | D:3      | Killed Natasha
  2451 | D:3      | Succumbed to an adder's poison

Action                   |  1- 3 |  4- 6 || total
-------------------------+-------+-------++-------
Melee: Dagger            |    46 |     5 ||    51
       Unarmed           |     7 |       ||     7
 Cast: Freeze            |    48 |    19 ||    67
       Throw Frost       |     4 |     3 ||     7
Evoke: Wand              |       |     2 ||     2
  Use: Potion            |     2 |     3 ||     5
       Scroll            |     2 |       ||     2
 Stab: Sleeping          |     2 |       ||     2
  Eat: Chunk             |     3 |       ||     3
